 Dungeon Sprint DCSS version 0.28.0-53-g5a82cb258f (webtiles) character file.

Game seed: 3257744338775788474

499 Zeld the Thaumaturge (level 6, -1/32 HPs)
             Began as a Deep Elf Conjurer on May 29, 2022.
             Was a Believer of Sif Muna.
             Slain by a wandering mushroom (19 damage)
             ... in the Dungeon (Sprint IV: "Fedhas' Mad Dash").
             The game lasted 00:03:12 (3063 turns).

Zeld the Thaumaturge (Deep Elf Conjurer)            Turns: 3063, Time: 00:03:13

Health: -1/32      AC:  2    Str:  4    XL:     6   Next: 94%
Magic:  8/22       EV: 12    Int: 25    God:    Sif Muna [**....]
Gold:   4          SH:  0    Dex: 13    Spells: 14/28 levels left

rFire   . . .      SeeInvis .   (no weapon)
rCold   . . .      Faith    .   (no shield)
rNeg    . . .      Spirit   .   a - +0 robe
rPois   .          Reflect  .   (no helmet)
rElec   .          Harm     .   (no cloak)
rCorr   .          Rampage  .   (no gloves)
Will    .....      NoTele   +   (no boots)
Stlth   +++.......              i - amulet of invisibility {+Inv}
HPRegen 0.10/turn               (no ring)
MPRegen 0.18/turn               (no ring)

@: very slightly contaminated, invisible
A: no striking features
a: Renounce Religion, Evoke Invisibility, Channel Magic


You were in the Dungeon.
You worshipped Sif Muna.
Sif Muna was pleased with you.
You visited 1 branch You collected 79 gold pieces.
You spent 75 gold pieces at shops.

Inventory:

Armour
 a - a +0 robe (worn)
Jewellery
 i - the amulet of invisibility (around neck) {+Inv}
   (You found it in the Dungeon)

   [amulet of nothing]

   +Inv:      It lets you turn invisible.
Scrolls
 g - a scroll of blinking
 h - 3 scrolls of identify
 j - a scroll of magic mapping
Potions
 b - a potion of curing
 c - a potion of heal wounds
 d - a potion of haste
 e - 2 potions of magic
 f - a potion of berserk rage


   Skills:
 - Level 2.4 Dodging
 + Level 6.8 Stealth
 * Level 11.8 Spellcasting
 * Level 10.6 Conjurations
 - Level 2.0 Hexes
 - Level 2.0 Translocations
 * Level 6.2 Invocations


You had 14 spell levels left.
You knew the following spells:

 Your Spells              Type           Power      Damage    Failure   Level
a - Magic Dart            Conj           100%       1d8       1%          1
b - Searing Ray           Conj           100%       2d8       1%          2
c - Fulminant Prism       Conj/Hex       23%        3d13      3%          4
d - Iskenderun's Mystic   Conj/Tloc      46%        2d10      3%          4
z - Dazzling Flash        Conj/Hex       92%        N/A       1%          3

Your spell library contained the following spells:

 Spells                   Type           Power      Damage    Failure   Level


Dungeon Overview and Level Annotations

Branches:
Dungeon (1/1)

Altars:
Cheibriados
Dithmenos
Elyvilon
Gozag
Hepliaklqana
Kikubaaqudgha
Makhleb
Nemelex Xobeh
Okawaru
Qazlal
Ru
Sif Muna
Trog
Uskayaw
Vehumet
Wu Jian
Xom
Yredelemnul
Zin
The Shining One
Beogh
Jiyva
Lugonu

Shops:
D *?


Message History

Unknown command.
Casting: Fulminant Prism (quite dangerous; 3% risk of failure)
Confirm with . or Enter, or press ? or * to list all spells.
Aiming: Searing Ray (safe; 1% risk of failure)
Press: ? - help, Shift-Dir - straight line, f - burning bush
Aim: a burning bush (ally target, 100% to hit)
The searing ray hits the burning bush.
The burning bush is lightly damaged. (Press . to maintain the ray.)
Your fulminant prism crackles loudly.
The searing ray hits the burning bush!
The burning bush is moderately damaged.
Your fulminant prism explodes!
The blast of energy engulfs the burning bush!!
The burning bush is almost destroyed.
Unknown command.
Unknown command.
Casting: Searing Ray (safe; 1% risk of failure)
Confirm with . or Enter, or press ? or * to list all spells.
The spell is quite dangerous to miscast (3% risk of failure)!
Continue anyway?
Aiming: Fulminant Prism (quite dangerous; 3% risk of failure)
Press: ? - help, Dir - move target, p - burning bush You conjure a prism of explosive energy!
A fulminant prism comes into view.
The wandering mushroom releases spores at you!
You are engulfed in a cloud of spores!
Unknown command.
Casting: Fulminant Prism (quite dangerous; 3% risk of failure)
Confirm with . or Enter, or press ? or * to list all spells.
Aiming: Searing Ray (safe; 1% risk of failure)
Press: ? - help, Shift-Dir - straight line, f - burning bush
Aim: a burning bush (almost destroyed, ally target, 100% to hit)
The searing ray hits the wandering mushroom.
The wandering mushroom is heavily damaged.
The searing ray hits the burning bush.
The burning bush is almost destroyed. (Press . to maintain the ray.)
The wandering mushroom releases spores at you!!
Ouch! That really hurt!
You die...

#####################
_._._.⌠.#..)...#..*.#
._._._..'..#)..#...P+
_._._...#..###'##f()#
._._._..#..##∩∩.@...#
_._._.⌠.#############
#########


You could see a wandering mushroom, a burning bush (ally target) and a friendly
fulminant prism.

Vanquished Creatures
  A wandering mushroom (D)
  3 scorpions (D)
  3 oklob saplings (D)
  2 spriggans (D)
  A river rat (D)
  A rat (D)
  A fulminant prism (D)
12 creatures vanquished.

Vanquished Creatures (others)
  7 fulminant prisms (D)
  2 fungi (D)
9 creatures vanquished.

Grand Total: 21 creatures vanquished

Notes
Turn   | Place    | Note
-------+----------+-------------------------------------------
     0 | D        | Zeld the Deep Elf Conjurer began the quest for the Orb.
     0 | D        | Reached XP level 1. HP: 10/10 MP: 6/6
    63 | D        | Reached skill level 4 in Spellcasting
    63 | D        | Reached skill level 5 in Conjurations
    63 | D        | Reached skill level 1 in Hexes
    63 | D        | Reached skill level 1 in Translocations
    63 | D        | Reached XP level 2. HP: 15/15 MP: 0/9
   145 | D        | Learned a level 2 spell: Searing Ray
   770 | D        | Noticed a scorpion
   774 | D        | Noticed an oklob sapling
   778 | D        | Killed a scorpion
   779 | D        | Reached skill level 7 in Spellcasting
   779 | D        | Reached XP level 3. HP: 19/19 MP: 5/13
   783 | D        | Learned a level 3 spell: Dazzling Flash
  1118 | D        | Killed an oklob sapling
  1119 | D        | Reached skill level 8 in Spellcasting
  1119 | D        | Reached XP level 4. HP: 14/24 MP: 10/16
  1338 | D        | Found the amulet of invisibility {+Inv}
  1523 | D        | Found an opulent altar of Gozag.
  1523 | D        | Found a hazy altar of Hepliaklqana.
  1523 | D        | Found a burning altar of Makhleb.
  1523 | D        | Found a sparkling altar of Nemelex Xobeh.
  1523 | D        | Found a snail-covered altar of Cheibriados.
  1523 | D        | Found a sacrificial altar of Ru.
  1523 | D        | Found a shimmering blue altar of Sif Muna.
  1523 | D        | Found a shimmering altar of Xom.
  1523 | D        | Found a basalt altar of Yredelemnul.
  1524 | D        | Found a viscous altar of Jiyva.
  1524 | D        | Found a bloodstained altar of Trog.
  1524 | D        | Found an ornate altar of the Wu Jian Council.
  1525 | D        | Found an iron altar of Okawaru.
  1525 | D        | Found a shadowy altar of Dithmenos.
  1525 | D        | Found a glowing silver altar of Zin.
  1526 | D        | Found an ancient bone altar of Kikubaaqudgha.
  1526 | D        | Found a hide-covered altar of Uskayaw.
  1527 | D        | Found a stormy altar of Qazlal.
  1527 | D        | Found a glowing golden altar of the Shining One.
  1527 | D        | Found a white marble altar of Elyvilon.
  1528 | D        | Found a radiant altar of Vehumet.
  1528 | D        | Found a corrupted altar of Lugonu.
  1530 | D        | Became a worshipper of Sif Muna the Loreminder
  1741 | D        | Learned a level 4 spell: Fulminant Prism
  1746 | D        | Learned a level 4 spell: Iskenderun's Mystic Blast
  1845 | D        | Reached skill level 9 in Spellcasting
  1845 | D        | Reached XP level 5. HP: 28/28 MP: 1/18
  2296 | D        | Reached * piety under Sif Muna
  2298 | D        | Reached skill level 10 in Spellcasting
  2301 | D        | Reached skill level 5 in Stealth
  2301 | D        | Reached XP level 6. HP: 32/32 MP: 2/21
  2458 | D        | Found Joruog's Magic Scroll Shop.
  2458 | D        | Found Qingesit's General Store.
  2461 | D        | Bought a scroll of magic mapping for 35 gold pieces
  2461 | D        | Bought a scroll of identify for 20 gold pieces
  2461 | D        | Bought a scroll of identify for 20 gold pieces
  2667 | D        | Noticed a burning bush
  2667 | D        | Noticed a wandering mushroom
  2672 | D        | Noticed a wandering mushroom
  2796 | D        | Reached ** piety under Sif Muna
  2883 | D        | Killed a wandering mushroom
  2884 | D        | Reached skill level 11 in Spellcasting
  2884 | D        | Reached skill level 10 in Conjurations
  3063 | D        | Slain by a wandering mushroom

Illustrated notes

Levels and vault maps discovered:
D:        dungeon_sprint_fedhas [sprint_temple]

Skill      XL: |  1  2  3  4  5  6 |
---------------+-------------------+-----
Spellcasting   | 4 7 8 9 10 11 | 11.8
Conjurations   | 5 7 8 9 10 | 10.6
Hexes          | 1 2 |  2.0
Translocations | 1 2 |  2.0
Stealth        | 3 5 6 |  6.8
Invocations    | 4 6 |  6.2
Dodging        | |  2.4

Action                   |  1- 3 |  4- 6 || total
-------------------------+-------+-------++-------
Melee: Unarmed           |     4 |       ||     4
 Cast: Magic Dart        |     7 |     2 ||     9
       Searing Ray       |     2 |     7 ||     9
       Fulminant Prism   |       |     9 ||     9
       Iskenderun's Myst |       |    10 ||    10
 Abil: Evoke Invisibilit |       |     8 ||     8
Dodge: Dodged            |     1 |     2 ||     3
